cohdb
Replays
Latest Replays
All Replays
Popular Replays
Top Player Replays
Match Explorer
How It Works
Community
CoH3 Stats
Reddit
Sign in to upload your games and track your stats! →
Sign in with Steam
Match 40988521
Unlisted
Match 40988521
Overview
Messages
Build Orders
End
Construct Section Command Post
Selects Australian Defense Battlegroup
Selects Australian Light Infantry Section
Australian Light Infantry Section
Vickers Machine Gun Team
Australian Light Infantry Section
Construct Section Command Post
Construct Platoon Command Post
Infantry Section
Humber Armored Car
Infantry Training
Construct Field Infirmary
ML 3-inch Mortar Team
Selects Defensive Tactics
Humber Armored Car
6-pounder Anti-tank Gun Team
Selects Vehicle Over Repair
6-pounder Anti-tank Gun Team
Team Weapon Training
50Ping_FallschirmJäger
감미로운옥수수
alphaelf
make a sparkling water
wila
大馋猫-player
LittleFatty233
深入骨髓的恨意
0
0
Comments
sign in to comment!
No comments posted yet!